 Dungeon Crawl Stone Soup version 0.32-a0-86-g8db1b9f803 (webtiles) character file.

Game seed: 11229744019964278513

39 Sobieck the Trooper (level 3, -2/23 HPs)
             Began as a Gargoyle Monk on Feb 5, 2024.
             Slain by a gnoll
             ... wielding a +0 whip
              (8 damage)
             ... on level 2 of the Dungeon.
             The game lasted 00:01:57 (939 turns).

Sobieck the Trooper (Gargoyle Monk)                  Turns: 939, Time: 00:01:58

Health: -2/23      AC:  5    Str: 16    XL:     3   Next: 45%
Magic:  3/3        EV: 12    Int: 10    God:
Gold:   61         SH:  0    Dex: 12    Spells: 2/2 levels left

rFire   . . .        a - +0 hand axe
rCold   . . .        d - orb {light}
rNeg    + . .        b - +0 robe
rPois   ∞            (no helmet)
rElec   +            (no cloak)
rCorr   .            (no gloves)
SInv    .            (no boots)
Will    .....        (no amulet)
Stlth   +            (no ring)
HPRegen 0.23/turn    (no ring)
MPRegen 0.08/turn

%: no passive effects
@: glowing
A: sickness immunity, AC +3, negative energy resistance 1, electricity
resistance, torment resistance 1, petrification resistance
a: no special abilities


You were on level 2 of the Dungeon.
You visited 1 branch of the dungeon, and saw 2 of its levels.

You collected 61 gold pieces.

Inventory:

Hand Weapons
 a - a +0 hand axe (weapon)
Missiles
 g - 9 stones (quivered)
 h - 3 boomerangs
Armour
 b - a +0 robe (worn)
 d - an orb of light (worn)
Scrolls
 e - 5 scrolls of identify {unknown}
Potions
 c - a potion of ambrosia
 f - a potion of cancellation {unknown}


   Skills:
 + Level 3.6 Fighting
 * Level 3.2 Axes
 + Level 1.2 Armour
 + Level 2.7 Dodging


You had 2 spell levels left.
You didn't know any spells.
Your spell library contained the following spells:

 Spells                   Type           Power      Damage    Failure   Level
 Magic Dart               Conj           0%         1d3       36%         1
 Blink                    Tloc           0%         N/A       50%         2
 Call Imp                 Summ           0%         N/A       50%         2


Dungeon Overview and Level Annotations

Branches:
Dungeon (2/15)

Altars:


Innate Abilities, Weirdness & Mutations

You are immune to sickness and miasma.
Your stone body is resilient. (AC +3)
You are immune to poison.
You resist negative energy. (rN+)
You are resistant to electric shocks. (rElec)
You are resistant to unholy torment.
You are immune to petrification.


Message History

You kill the rat!
No target in view!
There is a stone staircase leading up here.
As you open the door, it creaks loudly!
There is an open door here.
A gnoll comes into view. It is wielding a +0 halberd.
A gnoll is nearby!
The gnoll shouts!
A gnoll comes into view. It is wielding a +0 whip.
The gnoll shouts!
The gnoll closely misses you.
A gnoll comes into view. It is wielding a +0 club.
The gnoll shouts!
The gnoll misses you.
You hit the gnoll.
The gnoll is lightly wounded.
The gnoll closely misses you.
A gnoll comes into view. It is wielding a +0 halberd.
The gnoll closely misses you.
Unknown command.
The gnoll hits you from afar with a +0 halberd.
The gnoll attacks as it pursues you! The gnoll barely misses you.
The gnoll attacks as it pursues you! The gnoll hits you but does no damage.
There is an open door here.
The gnoll barely misses you.
There is an open door here.
Unknown command.
You hit the gnoll.
The gnoll is moderately wounded.
You hit the gnoll. The gnoll misses you. The gnoll hits you but does no damage.
The gnoll hits you with a +0 whip.
* * * LOW HITPOINT WARNING * * *
You hit the gnoll.
The gnoll is heavily wounded.
You hit the gnoll but do no damage. The gnoll barely misses you. x3
The gnoll hits you from afar with a +0 halberd.
* * * LOW HITPOINT WARNING * * *
The gnoll attacks as it pursues you! The gnoll hits you with a +0 whip.
* * * LOW HITPOINT WARNING * * *
The gnoll attacks as it pursues you! The gnoll hits you with a +0 whip.
* * * LOW HITPOINT WARNING * * *
The gnoll attacks as it pursues you! The gnoll barely misses you.
The gnoll attacks as it pursues you! The gnoll closely misses you.
The gnoll attacks as it pursues you! The gnoll hits you but does no damage.
The gnoll attacks as it pursues you! The gnoll closely misses you.
The gnoll attacks as it pursues you! The gnoll closely misses you.
The gnoll attacks as it pursues you! The gnoll hits you but does no damage.
There is a stone staircase leading up here.
The gnoll hits you with a +0 whip!
You die...

..#
#.......####.............
.
#.......+.........#......
#.......#########g#....<.
#.......+..# #g#......
#.......##.# #.#......
#........#.# #g#......
#....)...#.# #.#.#####
#.....>..#.######.#.
####'#'#@g.gg.g...#.
#.#.############
#†#.........#
#.#########.#
#...........####
####...^.......#
#.#########.#
#.#<........#
#.#.#########


You could see 4 gnolls.

Vanquished Creatures
  An adder (D:2)
  2 dart slugs (D:1)
  2 ball pythons (D:1)
  4 bats
  An endoplasm (D:1)
  A giant cockroach (D:1)
  A goblin (D:1)
  3 hobgoblins (D:1)
  4 kobolds (D:1)
  A quokka (D:1)
  A frilled lizard (D:1)
  2 rats
23 creatures vanquished.

Notes
Turn   | Place    | Note
-------+----------+-------------------------------------------
     0 | D:1      | Sobieck the Gargoyle Monk began the quest for the Orb.
     0 | D:1      | Reached XP level 1. HP: 14/14 MP: 1/1
    56 | D:1      | Reached XP level 2. HP: 16/19 MP: 2/2
   190 | D:1      | Reached skill level 3 in Axes
   330 | D:1      | Reached skill level 1 in Armour
   330 | D:1      | Reached XP level 3. HP: 17/23 MP: 3/3
   363 | D:1      | You fall into a shaft and drop 1 floor!
   916 | D:2      | HP: 1/23 [gnoll/+0 whip (4)]
   939 | D:2      | Slain by a gnoll

Illustrated notes

Levels and vault maps discovered:
D:1:      lightli_arrival_maybe_door_vault, layout_loops_cross,
          dreamdust_mushroom_princess
D:2:      layout_basic, dilly_ecumenical_altar_fadedgnrine, serial_shops, shop,
          minmay_misc_feat_chi, minmay_cut_off

Skill      XL: |  1  2 |
---------------+-------+-----
Axes           | 3 |  3.2
Armour         | 1 |  1.2
Fighting       | |  3.6
Dodging        | |  2.7

Action                     || total
---------------------------++-------
  Melee: Hand axe          ||    62
 Armour: Robe              ||    49
  Dodge: Dodged            ||    50

Table legend: (Time is in decaauts)
 A = Elapsed time spent in this place.
 B = Non-inter-level travel time spent in this place.
 C = Inter-level travel time spent in this place.
 D = Time resting spent in this place.
 E = Time spent auto-exploring this place.
 F = Levels seen in this place.
 G = Mean time per level.
                   A        B        C        D        E       F      G
               +--------+--------+--------+--------+--------+-----+--------+
         Total |    947 |    935 |     12 |      0 |    753 |   2 |  473.5 |
       Dungeon |    947 |    935 |     12 |      0 |    753 |   2 |  473.5 |
               +--------+--------+--------+--------+--------+-----+--------+

Top non-repeatable levels by time:
     D:1: 806 daAuts
     D:2: 141 daAuts
